 Dungeon Crawl Stone Soup version 0.26-a0-844-g3dd439832f (webtiles) character file.

Game seed: 13899838369814820122

263 pablito the Insei (level 6, -8/39 HPs)
             Began as an Octopode Transmuter on Nov 18, 2020.
             Mangled by a gnoll
             ... wielding a +1 spear of flaming
              (9 damage)
             ... on level 4 of the Dungeon.
             The game lasted 00:16:21 (4186 turns).

pablito the Insei (Octopode Transmuter)             Turns: 4186, Time: 00:16:22

Health: -8/39      AC:  1    Str:  9    XL:     6   Next: 19%
Magic:  8/10       EV: 13    Int: 16    God:
Gold:   142        SH:  0    Dex: 14    Spells: 7/11 levels left

rFire    . . .     SeeInvis .     - Unarmed
rCold    . . .     Faith    .   (no shield)
rNeg     . . .     Spirit   .   (helmet restricted)
rPois    .         Reflect  .   (no amulet)
rElec    .         Harm     .   (no ring)
rCorr    .         Rampage  .   (no ring)
MR       .....                  (no ring)
Stlth    +++.......             (no ring)
HPRegen  0.13/turn              (no ring)
MPRegen  0.12/turn              (no ring)
                                (no ring)
                                (no ring)

@: no status effects
A: almost no armour, stealthy swim, amphibious, 8 rings, constrict 8, camouflage
1, gelatinous body 1
a: no special abilities


You were on level 4 of the Dungeon.
You visited 1 branch of the dungeon, and saw 4 of its levels.

You collected 142 gold pieces.

Inventory:

Hand Weapons
 b - a +0 dagger
 q - a +0 hunting sling
Jewellery
 r - a -4 ring of intelligence
Scrolls
 c - 4 scrolls of identify
 d - a scroll of teleportation {unknown}
 e - 2 scrolls of fog {unknown}
 f - 4 scrolls of remove curse
 h - a scroll of enchant weapon {unknown}
 i - a scroll of magic mapping {unknown}
 l - 2 scrolls of fear {unknown}
 n - 3 scrolls of enchant armour {unknown}
 p - a scroll of blinking {unknown}
Potions
 a - a potion of degeneration {unknown}
 g - 2 potions of brilliance
 j - 2 potions of curing {unknown}
 k - a potion of attraction {unknown}
 m - a potion of might {unknown}
 o - a potion of flight {unknown}
 s - a potion of resistance {unknown}


   Skills:
 - Level 2.1 Fighting
 - Level 2.2 Dodging
 + Level 3.5 Stealth
 + Level 4.1 Unarmed Combat
 - Level 3.0 Spellcasting
 + Level 3.4 Transmutations


You had 7 spell levels left.
You knew the following spells:

 Your Spells              Type           Power        Failure   Level
a - Beastly Appendage     Tmut           ##....       4%          1
b - Spider Form           Tmut/Pois      #.........   28%         3

Your spell library contained the following spells:

 Spells                   Type           Power        Failure   Level
 Wereblood                Tmut           ##......     7%          2
 Ice Form                 Ice/Tmut       #.......     67%         4
 Blade Hands              Tmut           ##........   77%         5


Dungeon Overview and Level Annotations

Branches:
Dungeon (4/15)
 Temple: D:4-7

Altars:
Ashenzari
Xom
Zin

Annotations:
D:3 2 transporters


Innate Abilities, Weirdness & Mutations

You cannot wear most types of armour.
You are very stealthy in the water. (Stealth+)
You are amphibious.
You can wear up to eight rings at the same time.
You can use your tentacles to constrict eight enemies at once.
Your skin changes colour to match your surroundings (Stealth+).
Your rubbery body absorbs attacks. (AC +1, EV +1)


Message History

You feel a bit more experienced! The gnoll barely misses you!
The gnoll hits you from afar with a +1 spear of flaming!!! * * * don't die
* * * The gnoll burns you! * * * don't die
* * * The gnoll misses you!
Items here: ))) [!
You maul the gnoll!
The gnoll is moderately wounded!
The gnoll closely misses you!
An orc comes into view! It is wielding a +0 war axe!
The gnoll completely misses you!
Okay, then!
Okay, then!
Okay, then!
You maul the gnoll!
The gnoll is poisoned!
The gnoll is heavily wounded!
Your transformation has ended!
The gnoll hits you from afar with a +1 spear of flaming!!! rip

o## ##'# #..# #..#
#..# ### ..# #..# #..
..# ####..# #.# #g#
##.##..# #.# #g#
##.##..# #.# #@#
##.##..# #.# #)#
##.##..###.#####.#
)..†.............#
.............#.#####.#
##.##.####..###......#
#.##.# #.#.#.#######
#.##.# #.##.## #.##.#
#.####


You could see 2 gnolls and an orc.

Vanquished Creatures
  A centaur (D:3)
  An orc wizard (D:4)
  6 gnolls
  2 adders (D:2)
  2 oozes (D:1)
  2 dart slugs (D:1)
  A leopard gecko (D:1)
  3 orcs
  A ball python (D:1)
  2 giant cockroaches
  10 goblins
  10 hobgoblins
  3 jackals (D:2)
  2 quokkas
  6 bats
  4 frilled lizards
  5 kobolds
  9 rats
70 creatures vanquished.

Vanquished Creatures (others)
  A hobgoblin (D:2)
1 creature vanquished.

Grand Total: 71 creatures vanquished

Notes
Turn   | Place    | Note
-------+----------+-------------------------------------------
     0 | D:1      | pablito the Octopode Transmuter began the quest for the
                  | Orb.
     0 | D:1      | Reached XP level 1. HP: 13/13 MP: 3/3
   181 | D:1      | Found a broken altar of Ashenzari.
   262 | D:1      | Reached XP level 2. HP: 17/18 MP: 3/5
   815 | D:1      | Reached XP level 3. HP: 20/23 MP: 6/6
  1073 | D:1      | Reached skill level 1 in Stealth
  1641 | D:2      | Learned a level 3 spell: Spider Form
  1860 | D:2      | Reached XP level 4. HP: 24/29 MP: 7/7
  2413 | D:2      | Found a shimmering altar of Xom.
  2413 | D:2      | Found a glowing silver altar of Zin.
  2413 | D:2      | Noticed an angel
  2969 | D:3      | Reached XP level 5. HP: 32/34 MP: 9/9
  3109 | D:3      | Found a transporter.
  3133 | D:3      | Noticed a centaur
  3142 | D:3      | Killed a centaur
  3309 | D:3      | Noticed a kobold demonologist
  3312 | D:3      | Found a transporter.
  4140 | D:4      | Reached skill level 4 in Unarmed Combat
  4175 | D:4      | Reached XP level 6. HP: 15/39 MP: 6/10
  4184 | D:4      | HP: 3/39 [gnoll/+1 spear of flaming (8)]
  4184 | D:4      | HP: 1/39 [gnoll/+1 spear of flaming (2)]
  4186 | D:4      | Mangled by a gnoll

Illustrated notes

Levels and vault maps discovered:
D:1:      dpeg_arrival_arbitrary_c, layout_loops_corners,
          nicolae_ashenzari_panopticon
D:2:      layout_loops_ring, grunt_temple_overflow_order_and_chaos_1
D:3:      gammafunk_wand_slinger, layout_loops_corners
D:4:      layout_loops_ring, nicolae_ossuary_entry_false_entrances,
          ebering_ghost_disaster_area, corexii_leaking_fountain,
          hangedman_abyss_or_decor_stagger, minmay_goblin_kobold_house

Skill      XL: |  1  2  3  4  5 |
---------------+----------------+-----
Stealth        | 1 2 3 |  3.5
Fighting       | 2 |  2.1
Spellcasting   | 3 |  3.0
Transmutations | 3 |  3.4
Unarmed Combat | 4 |  4.1
Dodging        | |  2.2

Action                   |  1- 3 |  4- 6 || total
-------------------------+-------+-------++-------
Melee: Unarmed           |    11 |    75 ||    86
       Constrict         |    18 |    10 ||    28
       Tentacles         |    13 |     6 ||    19
       Dagger            |    76 |    14 ||    90
       Punch             |     1 |       ||     1
       Kick              |       |     7 ||     7
 Cast: Beastly Appendage |     2 |    10 ||    12
       Spider Form       |       |     4 ||     4
  Use: Scroll            |       |     2 ||     2
 Stab: Sleeping          |     8 |     7 ||    15
Armor: Skin              |     5 |     3 ||     8
Dodge: Dodged            |    53 |    64 ||   117

Table legend: (Time is in decaauts)
 A = Elapsed time spent in this place.
 B = Non-inter-level travel time spent in this place.
 C = Inter-level travel time spent in this place.
 D = Time resting spent in this place.
 E = Time spent auto-exploring this place.
 F = Levels seen in this place.
 G = Mean time per level.
                   A        B        C        D        E       F      G
               +--------+--------+--------+--------+--------+-----+--------+
         Total |   4172 |   4087 |     85 |    280 |   3175 |   4 | 1043.0 |
       Dungeon |   4172 |   4087 |     85 |    280 |   3175 |   4 | 1043.0 |
               +--------+--------+--------+--------+--------+-----+--------+

Top non-repeatable levels by time:
     D:2: 1476 daAuts
     D:1: 1316 daAuts
     D:3: 1094 daAuts
     D:4: 285 daAuts
